 Dungeon Crawl Stone Soup version 0.31-a0-920-g28cbb04a8c (webtiles) character file.

Game seed: 14478400692973686074

16952 R01kk4 the Thaumaturge (level 12, -1/102 (106) HPs)
             Began as a Purple Draconian Conjurer on Aug 27, 2021.
             Was a Believer of Vehumet.
             Slain by an orc knight
             ... wielding a +3 war axe
              (5 damage)
             ... on level 9 of the Dungeon on Oct 18, 2023.
             The game lasted 01:42:39 (17415 turns).

R01kk4 the Thaumaturge (Purple Draconian Conjurer) Turns: 17415, Time: 01:42:40

HP:   -1/102 (106)  AC: 13    Str: 13    XL:     12   Next: 14%
MP:   26/26         EV: 11    Int: 21    God:    Vehumet [**....]
Gold: 611           SH:  5    Dex: 11    Spells: 17/31 levels left

rFire   . . .        B - +9 short sword of Quib {venom, Stlth+}
rCold   . . .        n - +1 buckler
rNeg    . . .        (body armour unavailable)
rPois   +            (helmet restricted)
rElec   .            r - +0 cloak
rCorr   .            p - +2 pair of gloves {Str+3}
SInv    .            s - +0 pair of boots
Will    +....        c - amulet of magic regeneration
Stlth   +++          g - ring of poison resistance
HPRegen 0.37/turn    A - ring of wizardry
MPRegen 0.60/turn

%: wizardry (x1)
@: lightly drained
A: breathe power, AC +8, unfitting armour, cold-blooded
a: Breathe Dispelling Energy, Renounce Religion


You were on level 9 of the Dungeon.
You worshipped Vehumet.
Vehumet was pleased with you.
You visited 3 branches of the dungeon, and saw 13 of its levels.
You also visited: Ossuary.

You collected 677 gold pieces.
You spent 66 gold pieces at shops.

Inventory:

Hand Weapons
 l - a +3 flail of venom
 o - a +1 flail of freezing
 y - a +1 flail of holy wrath
 z - a +1 whip of flaming
 B - the +9 short sword of Quib (weapon) {venom, Stlth+}
   (You found it on level 8 of the Dungeon)

   Stlth+:    It makes you more stealthy.
Missiles
 b - a throwing net
Armour
 n - a +1 buckler (worn)
 p - a +2 pair of gloves of strength (worn)
 r - a +0 cloak (worn)
 s - a +0 pair of boots (worn)
Jewellery
 c - an amulet of magic regeneration (around neck)
 g - a ring of poison resistance (left hand)
 h - a ring of flight
 m - an amulet of the acrobat
 A - a ring of wizardry (right hand)
Wands
 j - a wand of flame (39)
 u - a wand of charming (11)
 x - a wand of mindburst (8)
 J - a wand of acid (10)
Scrolls
 e - 7 scrolls of identify
 D - a scroll of silence
 H - a scroll of revelation
Potions
 d - 8 potions of curing
 f - 2 potions of brilliance
 i - a potion of might {unknown}
 k - 2 potions of attraction {unknown}
 t - a potion of berserk rage {unknown}
 v - 2 potions of haste {unknown}
 w - 3 potions of lignification
 C - a potion of magic {unknown}
 F - 2 potions of ambrosia
 G - a potion of cancellation {unknown}
 I - a potion of degeneration {unknown}


   Skills:
 + Level 10.1 Fighting
 - Level 1.7 Dodging
 - Level 1.7 Stealth
 - Level 4.0 Shields
 + Level 10.3 Spellcasting
 + Level 10.3 Conjurations
 - Level 6.4 Hexes
 - Level 3.2 Summonings
 - Level 4.0 Fire Magic
 + Level 8.1 Earth Magic


You had 17 spell levels left.
You knew the following spells:

 Your Spells              Type           Power      Damage    Failure   Level
a - Magic Dart            Conj           100%       1d8       1%          1
b - Searing Ray           Conj           100%       2d8       1%          2
c - Summon Small Mammal   Summ           96%        N/A       1%          1
e - Confusing Touch       Hex            37%        N/A       1%          3
f - Foxfire               Conj/Fire      100%       2x1d9     1%          1
g - Bombard               Conj/Erth      24%        9d5       12%         6

Your spell library contained the following spells:

 Spells                   Type           Power      Damage    Failure   Level
 Static Discharge         Conj/Air       64%        2-5/arc   1%          2
 Corona                   Hex            37%        N/A       1%          1
 Shock                    Conj/Air       100%       1d9       1%          1
 Slow                     Hex            100%       N/A       1%          1
 Dazzling Flash           Conj/Hex       90%        N/A       1%          3
 Hailstorm                Conj/Ice       32%        3d8       1%          3
 Inner Flame              Hex/Fire       32%        N/A       1%          3
 Fulminant Prism          Conj/Hex       22%        3d12      1%          4
 Iskenderun's Battlesphe  Conj           53%        2d10      1%          5
 Portal Projectile        Hex/Tloc       48%        N/A       2%          3
 Cause Fear               Hex            18%        N/A       2%          4
 Animate Skeleton         Necr           20%        N/A       3%          1
 Apportation              Tloc           20%        N/A       3%          1
 Freeze                   Ice            40%        1d6       3%          1
 Lee's Rapid Deconstruct  Erth           22%        3d12*     3%          5
 Iskenderun's Mystic Bla  Conj/Tloc      32%        2d8       4%          4
 Frozen Ramparts          Ice            20%        1d4       10%         3
 Swiftness                Air            10%        N/A       10%         3
 Vampiric Draining        Necr           10%        2d6       10%         3
 Summon Ice Beast         Ice/Summ       17%        N/A       16%         4
 Silence                  Hex/Air        12%        N/A       24%         5
 Airstrike                Air            5%         2d(1-17)  32%         4
 Dispel Undead            Necr           10%        3d9       32%         4
 Passage of Golubria      Tloc           10%        N/A       32%         4
 Spellforged Servitor     Conj/Summ      19%        N/A       83%         7
 Death Channel            Necr           5%         N/A       99%         6
 Lehudib's Crystal Spear  Conj/Erth      24%        10d7      99%         8
 Discord                  Hex            18%        N/A       100%        8


Dungeon Overview and Level Annotations

Branches:
Dungeon (11/15)            Temple (1/1) D:7             Orc (1/2) D:9
Ossuary (visited)
   Lair: D:8-11

Altars:
Ashenzari
Cheibriados
Dithmenos
Elyvilon
Fedhas
Gozag
Hepliaklqana
Kikubaaqudgha
Makhleb
Nemelex Xobeh
Okawaru
Qazlal
Ru
Sif Muna
Trog
Uskayaw
Vehumet
Wu Jian
Xom
Yredelemnul
Zin
The Shining One

Shops:
D:3 ?   D:10 [

Annotations:
D:10 exclusions: 3 death yaks and yak


Innate Abilities, Weirdness & Mutations

You can breathe bolts of dispelling energy.
Your rich purple scales are hard. (AC +8)
You cannot fit into any form of body armour.
You are cold-blooded and may be slowed by cold attacks.


Message History

Confirm with . or Enter, or press ? or * to list all spells.
Aiming: Searing Ray (safe; 1% risk of failure)
Press: ? - help, Shift-Dir - straight line, f - orc knight
Aim: an orc knight, wielding a +3 war axe and wearing a +0 plate armour (heavily wounded, extremely poisoned, 83% to hit)
The searing ray hits the orc knight!
The orc knight is heavily wounded. (Press . to maintain the ray.)
The orc knight hits you with a +3 war axe!!
* * * LOW HITPOINT WARNING * * *
The orc knight attacks as it pursues you!
The orc knight misses you.
The orc knight attacks as it pursues you!
The orc knight misses you.
Things that are here:
a +0 ring mail; a +0 hand axe The orc knight attacks as it pursues you!
The orc knight hits you with a +3 war axe!
* * * LOW HITPOINT WARNING * * *
The orc knight attacks as it pursues you!
You block the orc knight's attack.
The orc knight attacks as it pursues you!
The orc knight hits you with a +3 war axe!
* * * LOW HITPOINT WARNING * * *
You closely miss the orc knight.
Your tail-slap misses the orc knight.
The orc knight is severely wounded.
The orc knight hits you with a +3 war axe.
* * * LOW HITPOINT WARNING * * *
You closely miss the orc knight.
The orc knight is severely wounded.
The orc knight misses you.
You barely miss the orc knight.
The orc knight is almost dead.
The orc knight hits you but does no damage.
You closely miss the orc knight.
The orc knight is almost dead.
The orc knight barely misses you.
You hit the orc knight.
The orc knight is almost dead.
The orc knight hits you with a +3 war axe.
You die...

#.# #......<..... #.#
##.#......... #.#
######...#.. #.#
####>####.#.. #.#
####..[)[..####. #.#
###.............## #.#
##....#.......#....
###.#
##....###.....###...
#...#
#..@..###.8.8.###..8
#.###
##.o....#.......#.[..
#.#
#..#.#..#..#'#..#รท.#'
#.#
#.##.##.#.##)##.#.##)
#.#
#.#...#.#.#...#.#.#..
#.#
#.#.).#.#.#.(.#.#)#..
#.#
#.##.##.#.##.##.#.##.
#.#
#..#.#..#..#+#..#..#'
#.#
#....[.)[.......'....


You could see an orc knight (very poisoned).

Vanquished Creatures
  4 boulder beetles
  A centaur warrior (D:11)
  A hydra (D:11)
  Pikel (D:8)
  An orc knight (D:9)
  An ugly thing (D:11)
  A cyclops (D:11)
  A manticore (D:9)
  An orc sorcerer (Orc:1)
  3 unseen horrors (D:11)
  A troll (D:10)
  A meliai zombie (D:11)
  A shadow (D:11)
  Sigmund (D:6)
  3 wraiths (D:11)
  13 yaks
  A vampire (D:11)
  A vampire mosquito (D:11)
  3 wargs (D:9)
  An acid dragon (D:9)
  Edmund (D:5)
  A water moccasin (D:5)
  3 sky beasts
  2 black bears
  6 orc warriors
  3 ogres
  6 centaurs
  2 lemures (D:8)
  Blork the orc (D:6)
  2 kobold brigands
  7 elf zombies (Ossuary)
  3 gnoll sergeants
  3 bullfrogs
  A water moccasin zombie (D:7)
  7 killer bees
  4 wights (D:10)
  7 howler monkeys
  A bullfrog zombie (D:6)
  3 jellies
  7 centaur zombies
  A human zombie (Ossuary)
  15 orc priests
  Crazy Yiuf (D:6)
  2 hounds (D:6)
  A gnoll bouda (D:7)
  4 iguanas
  2 bullfrog skeletons (D:6)
  11 orc wizards
  3 mummies (Ossuary)
  2 howler monkey zombies
  10 gnolls
  4 adders
  2 white imps
  2 adder skeletons (D:4)
  A worm (D:2)
  51 orcs
  9 endoplasms
  6 goblins
  5 hobgoblins
  10 jackals
  3 quokkas
  5 ball pythons
  7 bats
  4 frilled lizards
  A goblin zombie (D:5)
  11 kobolds
  6 rats
  A rat zombie (D:5)
291 creatures vanquished.

Vanquished Creatures (others)
  39 foxfires
39 creatures vanquished.

Grand Total: 330 creatures vanquished

Notes
Turn   | Place    | Note
-------+----------+-------------------------------------------
     0 | D:1      | R01kk4 the Draconian Conjurer began the quest for the Orb.
     0 | D:1      | Reached XP level 1. HP: 14/14 MP: 3/3
   379 | D:1      | Reached XP level 2. HP: 22/22 MP: 3/5
   382 | D:1      | Learned a level 2 spell: Searing Ray
   491 | D:1      | Found a faded altar of an unknown god.
   533 | D:1      | Reached skill level 1 in Fighting
  1124 | D:2      | Reached XP level 3. HP: 28/28 MP: 3/6
  2045 | D:3      | Learned a level 1 spell: Summon Small Mammal
  2208 | D:3      | Reached XP level 4. HP: 36/36 MP: 6/8
  2375 | D:3      | Found Juschawn's Magic Scroll Boutique.
  2378 | D:3      | Bought a scroll of identify for 22 gold pieces
  2378 | D:3      | Bought a scroll of teleportation for 33 gold pieces
  2378 | D:3      | Bought a scroll of noise for 11 gold pieces
  2469 | D:3      | Noticed an ogre
  2487 | D:3      | Killed an ogre
  2488 | D:3      | Reached skill level 1 in Summonings
  2488 | D:3      | Reached XP level 5. HP: 42/42 MP: 1/9
  3098 | D:4      | Reached skill level 5 in Conjurations
  3295 | D:4      | Learned a level 7 spell: Conjure Flame
  3718 | D:3      | Reached XP level 6. HP: 39/51 MP: 8/11
  3888 | D:4      | Reached skill level 1 in Shields
  3908 | D:4      | Reached skill level 1 in Fire Magic
  3939 | D:4      | Learned a level 3 spell: Confusing Touch
  4003 | D:4      | Found a hazy altar of Hepliaklqana.
  4115 | D:4      | Found a sacrificial altar of Ru.
  4531 | D:5      | Entered Level 5 of the Dungeon
  4539 | D:5      | Learned a level 1 spell: Foxfire
  4540 | D:5      | Found a sand-covered staircase.
  4557 | Ossuary  | Entered an ossuary
  4585 | Ossuary  | Your scales start taking on a rich purple colour.
  4585 | Ossuary  | Reached XP level 7. HP: 57/58 MP: 10/14
  4832 | Ossuary  | Reached XP level 8. HP: 64/66 MP: 11/15
  4840 | Ossuary  | Reached skill level 5 in Spellcasting
  5372 | D:5      | Reached skill level 5 in Fighting
  5502 | D:5      | Noticed Edmund
  5715 | D:5      | Found an iron altar of Okawaru.
  5806 | D:5      | Killed Edmund
  6507 | D:6      | Noticed Sigmund
  6565 | D:6      | Killed Sigmund
  6566 | D:6      | Reached skill level 1 in Hexes
  6566 | D:6      | Reached XP level 9. HP: 73/75 MP: 10/18
  7022 | D:6      | Noticed Blork the orc
  7033 | D:6      | Killed Blork the orc
  7089 | D:6      | Found a runed translucent door.
  7090 | D:6      | Noticed Crazy Yiuf
  7358 | D:6      | Killed Crazy Yiuf
  8217 | D:7      | Noticed a boulder beetle
  8830 | D:7      | Found a staircase to the Ecumenical Temple.
  8839 | Temple   | Entered the Ecumenical Temple
  9018 | Temple   | Became a worshipper of Sif Muna the Loreminder
  9238 | D:7      | Found a radiant altar of Vehumet.
  9243 | D:7      | Fell from the grace of Sif Muna
  9243 | D:7      | Became a worshipper of Vehumet
  9378 | D:8      | Noticed Pikel
  9409 | D:8      | Killed Pikel
  9517 | D:8      | Reached XP level 10. HP: 86/86 MP: 13/21
  9780 | D:8      | Identified the +9 short sword of Quib {venom, Stlth+}
  9842 | D:8      | You fall into a shaft and drop 2 floors!
  9842 | D:10     | Entered Level 10 of the Dungeon
  9970 | D:10     | Found Gore Upa's Antique Armour Emporium.
 10010 | D:9      | Noticed a manticore
 10133 | D:8      | Reached * piety under Vehumet
 10133 | D:8      | Offered knowledge of Sandblast by Vehumet.
 10451 | D:9      | Killed a manticore
 10452 | D:9      | Reached skill level 5 in Hexes
 10774 | D:9      | Noticed a boulder beetle
 11037 | D:9      | Killed a boulder beetle
 11818 | D:9      | Learned a level 6 spell: Iron Shot
 11829 | D:9      | Found a staircase to the Orcish Mines.
 11849 | D:9      | Reached skill level 1 in Earth Magic
 12414 | D:9      | Found a glowing silver altar of Zin.
 12942 | D:10     | Found a hide-covered altar of Uskayaw.
 12961 | D:10     | Reached XP level 11. HP: 77/95 MP: 19/24
 13206 | D:10     | Noticed a death yak
 13219 | D:10     | Noticed a death yak
 13485 | D:10     | Noticed a death yak
 13563 | D:11     | Noticed a centaur warrior
 13569 | D:11     | Killed a centaur warrior
 14574 | D:11     | Noticed a green ugly thing
 14583 | D:11     | Killed a green ugly thing
 14583 | D:11     | Reached ** piety under Vehumet
 14599 | D:11     | Noticed a boulder beetle
 14599 | D:11     | Noticed a boulder beetle
 14668 | D:11     | Offered knowledge of Static Discharge by Vehumet.
 14886 | D:11     | Upgraded the game from 0.28-a0-258-g8de209e91f to
                  | 0.31-a0-920-g28cbb04a8c
 15004 | D:11     | Reached skill level 5 in Earth Magic
 15238 | D:11     | Was forgiven by Sif Muna
 15283 | D:11     | Noticed a five-headed hydra
 15327 | D:11     | Killed a five-headed hydra
 15328 | D:11     | Reached skill level 10 in Conjurations
 15583 | D:11     | Killed a boulder beetle
 15584 | D:11     | Reached skill level 10 in Spellcasting
 15862 | D:11     | Noticed a boulder beetle
 15889 | D:11     | Killed a boulder beetle
 16217 | D:11     | Reached skill level 10 in Fighting
 16524 | D:11     | Killed a boulder beetle
 16525 | D:11     | Reached XP level 12. HP: 54/106 MP: 21/26
 16794 | D:14     | Identified the "Asecwij"
 16794 | IceCv    | Identified the "Cinnium"
 16794 | Orc:1    | Entered Level 1 of the Orcish Mines
 17407 | D:9      | HP: 3/102 [orc knight/+3 war axe (14)]
 17415 | D:9      | Slain by an orc knight

Illustrated notes

Levels and vault maps discovered:
D:1:      amcnicky_arrival_feature_with_door, layout_rooms,
          shapermc_ecumenical_altar_notcrosses, hangedman_abyss_or_decor_stabs
D:2:      layout_basic
D:3:      layout_loops_ring, serial_shops, nicolae_shop_behind_doors,
          amcnicky_mini_pool_small, hangedman_abyss_or_decor_lesser_grid
D:4:      layout_loops_ring, hangedman_ru_absence, old_standard_altar,
          nicolae_zen_rock_garden
D:5:      layout_basic, okawaru_altar_gauntlet_db, enter_ossuary_4,
          minivault_14, uniq_edmund
D:6:      layout_basic, uniq_blork_the_orc, uniq_crazy_yiuf_cottage,
          uniq_sigmund
D:7:      layout_rooms, kennysheep_little_box,
          minmay_temple_entry_drinking_statues
D:8:      layout_basic, minmay_misc_feat_hallway, uniq_pikel
D:9:      layout_loops_ring, lemuel_coloured_pillars_altar, david_orc_1_choice
D:10:     layout_cave_pools, nicolae_uskayaw_murder_on_the_dancefloor,
          dpeg_lair_monsters, nicolae_stop_n_shop_1
D:11:     minmay_thinvault, layout_rooms
Temple:   regret_index_temple_sphere_string
Orc:1:    layout_diamond_mine, nicolae_orc_lava_tube, mines2_david

Skill      XL: |  1  2  3  4  5  6  7  8  9 10 11 12 |
---------------+-------------------------------------+-----
Fighting       | 1 2 3 4 5 7 8 10 | 10.1
Spellcasting   | 3 4 6 7 9 10 | 10.3
Summonings     | 1 2 3 |  3.2
Conjurations   | 5 6 7 8 9 10 | 10.3
Shields        | 2 4 |  4.0
Fire Magic     | 1 2 4 |  4.0
Hexes          | 1 4 6 |  6.4
Earth Magic    | 1 7 8 |  8.1
Dodging        | |  1.7
Stealth        | |  1.7

Action                     |  1- 3 |  4- 6 |  7- 9 | 10-12 || total
---------------------------+-------+-------+-------+-------++-------
  Melee: Club              |    14 |     1 |       |       ||    15
         Tailslap          |     1 |     1 |    17 |    47 ||    66
         Flail             |       |    21 |   145 |     8 ||   174
         Unarmed           |       |       |     7 |       ||     7
         Short sword       |       |       |       |   286 ||   286
   Cast: Magic Dart        |    74 |    87 |   134 |   117 ||   412
         Searing Ray       |     3 |     6 |    29 |    47 ||    85
         Foxfire           |       |    12 |    10 |       ||    22
         Conjure Flame     |       |       |     6 |       ||     6
         Confusing Touch   |       |       |     2 |     6 ||     8
         Bombard           |       |       |       |     5 ||     5
         Summon Small Mamm |       |       |       |     2 ||     2
    Use: Scroll            |       |     1 |    13 |     8 ||    22
         Potion            |       |       |       |     2 ||     2
   Stab: Sleeping          |     2 |       |       |       ||     2
         Confused          |       |       |     2 |     3 ||     5
 Armour: Skin              |    18 |    10 |   119 |   319 ||   466
  Dodge: Dodged            |    18 |    24 |   168 |   246 ||   456
  Block: Buckler           |       |       |    68 |   124 ||   192

Table legend: (Time is in decaauts)
 A = Elapsed time spent in this place.
 B = Non-inter-level travel time spent in this place.
 C = Inter-level travel time spent in this place.
 D = Time resting spent in this place.
 E = Time spent auto-exploring this place.
 F = Levels seen in this place.
 G = Mean time per level.
                   A        B        C        D        E       F      G
               +--------+--------+--------+--------+--------+-----+--------+
         Total |  17589 |  16968 |    621 |   5974 |   7428 |  14 | 1256.4 |
       Dungeon |  16776 |  16183 |    593 |   5888 |   7139 |  11 | 1525.1 |
        Temple |    204 |    176 |     28 |      0 |    156 |   1 |  204.0 |
  Orcish Mines |    236 |    236 |      0 |     60 |      1 |   1 |  236.0 |
       Ossuary |    372 |    372 |      0 |     26 |    132 |   1 |  372.0 |
               +--------+--------+--------+--------+--------+-----+--------+

Top non-repeatable levels by time:
    D:11: 2687 daAuts
     D:6: 2583 daAuts
     D:9: 2173 daAuts
    D:10: 1669 daAuts
     D:3: 1530 daAuts
     D:8: 1299 daAuts
     D:5: 1241 daAuts
     D:4: 1198 daAuts
     D:2: 979 daAuts
     D:1: 858 daAuts
     D:7: 555 daAuts
 Ossuary: 372 daAuts
   Orc:1: 236 daAuts
  Temple: 204 daAuts
